 Dungeon Crawl Stone Soup version 0.23.2-1-ga50397a6bc (webtiles) character file.

Game seed: 9558688239639213414

11199 Goodini51 the Slicer (level 12, -7/91 HPs)
             Began as a Human Hunter on May 29, 2019.
             Was a High Priest of Dithmenos.
             Mangled by an ice devil (10 damage)
             ... in an ice cave on May 30, 2019.
             The game lasted 01:17:53 (11661 turns).

Goodini51 the Slicer (Human Hunter)                Turns: 11661, Time: 01:17:53

Health: -7/91      AC: 14    Str: 12    XL:     12   Next: 4%
Magic:  8/12       EV: 15    Int: 14    God:    Dithmenos [*****.]
Gold:   618        SH: 10    Dex: 17    Spells: 11/11 levels left

rFire    x . .     SeeInvis .   y - +3 rapier (drain)
rCold    + . .     Gourm    .   R - +1 shield {AC+3}
rNeg     . . .     Faith    .   V - +0 troll leather armour
rPois    .         Spirit   .   p - +0 helmet
rElec    .         Reflect  .   I - +0 cloak
rCorr    .         Harm     .   C - +0 pair of gloves
MR       .....                  (no boots)
Stlth    ++++++....             b - amulet of the acrobat
HPRegen  0.65/turn              G - +3 ring of protection
MPRegen  0.13/turn              J - ring of ice

@: about to teleport, wreathed by umbra
A: no striking features
a: Shadow Step, Shadow Form, Renounce Religion


You were in an ice cave.
You worshipped Dithmenos.
Dithmenos was extremely pleased with you.
You were hungry.

You visited 2 branches of the dungeon, and saw 12 of its levels.
You also visited: Ice Cave.

You collected 683 gold pieces.
You spent 65 gold pieces at shops.

Inventory:

Hand Weapons
 a - a +1 shortbow
 m - a +2 dagger of venom
 y - a +3 rapier of draining (weapon)
 B - a +1 vampiric spear
 E - the cursed +1 war axe "Culydur" {freeze, *Noise +Blink rPois rN+}
   (You found it on level 4 of the Dungeon)

   It has been specially enchanted to freeze those struck by it, causing extra
   injury to most foes and up to half again as much damage against particularly
   susceptible opponents.
   It can also slow down cold-blooded creatures.
   It protects you from poison.
   It protects you from negative energy.
   It lets you blink.
   It may make noises in combat.
   It has a curse placed upon it.
 U - a +0 arbalest
Missiles
 d - 184 arrows
 g - 129 bolts
 h - 3 throwing nets (quivered)
Armour
 p - a +0 helmet (worn)
 C - a +0 pair of gloves (worn)
 I - a +0 cloak (worn)
 O - a +1 pair of gloves of strength
 R - a +1 shield of protection (worn)
 V - a +0 troll leather armour (worn)
Jewellery
 b - an amulet of the acrobat (around neck)
 q - an uncursed amulet of regeneration
 w - an uncursed amulet of the gourmand
 G - a +3 ring of protection (left hand)
 J - a ring of ice (right hand)
 N - an uncursed amulet of magic regeneration
Wands
 u - a wand of random effects (7)
 K - a wand of iceblast (6)
Scrolls
 c - a scroll of vulnerability {unknown}
 i - 2 scrolls of magic mapping
 k - 6 scrolls of amnesia
 l - 6 scrolls of remove curse
 o - 2 scrolls of immolation
 t - 2 scrolls of noise
 z - a scroll of enchant weapon
 A - 6 scrolls of teleportation
 D - a scroll of enchant armour
 H - a scroll of holy word {unknown}
 L - 2 scrolls of random uselessness {unknown}
 S - a scroll of fear {unknown}
Potions
 e - 7 potions of lignification
 j - a potion of mutation
 n - a potion of might
 r - 2 potions of ambrosia {unknown}
 s - 3 potions of agility {unknown}
 v - 4 potions of resistance {unknown}
 x - 3 potions of curing
 F - 2 potions of degeneration {unknown}
 M - a potion of brilliance {unknown}
 P - a potion of berserk rage {unknown}
 Q - a potion of invisibility {unknown}
 T - 2 potions of haste {unknown}
Comestibles
 f - 22 rations


   Skills:
 + Level 7.0 Fighting
 + Level 10.5 Short Blades
 + Level 0.2 Polearms
 + Level 5.1 Bows
 + Level 4.1 Armour
 + Level 7.7 Dodging
 * Level 9.1 Stealth
 + Level 4.9 Shields


You had 11 spell levels left.
You didn't know any spells.
Your spell library contained the following spells:

 Spells                   Type           Power        Failure   Level  Hunger
 Animate Skeleton         Necr           N/A          80%         1    ##.....
 Apportation              Tloc           #.....       80%         1    ##.....
 Pain                     Necr           #...         80%         1    ##.....
 Summon Butterflies       Summ           #.......     80%         1    ##.....
 Summon Small Mammal      Summ           #...         80%         1    ##.....
 Call Imp                 Summ           #.......     90%         2    ###....
 Call Canine Familiar     Summ           #.......     99%         3    ####...
 Lesser Beckoning         Tloc           #.........   99%         3    ####...
 Regeneration             Chrm/Necr      #.........   99%         3    ####...
 Summon Guardian Golem    Hex/Summ       #.......     99%         3    ####...
 Tukima's Dance           Hex            #.......     99%         3    ####...
 Vampiric Draining        Necr           #.........   99%         3    ####...
 Animate Dead             Necr           N/A          100%        4    #####..
 Summon Ice Beast         Ice/Summ       #.......     100%        4    #####..
 Summon Lightning Spire   Summ/Air       #.......     100%        4    #####..
 Alistair's Intoxication  Tmut/Pois      #.......     100%        5    ######.
 Invisibility             Hex            #.......     100%        6    #######


Dungeon Overview and Level Annotations

Branches:
Dungeon (11/15)            Temple (0/1) D:4            Lair (0/6) D:9
    Orc (1/2) D:9

Altars:
Ashenzari
Dithmenos
Fedhas
Kikubaaqudgha
Nemelex Xobeh
Ru
Sif Muna
Vehumet
Xom

Shops:
D:8 **(?   D:11 %

Annotations:
IceCv exclusion: 2 ice statues


Message History

An ice devil comes into view.
You are engulfed in freezing vapours.
You resist.
* * * LOW HITPOINT WARNING * * *
An ice devil comes into view.
An ice devil comes into view.
As you read the scroll of teleportation, it crumbles to dust.
You feel strangely unstable. The ice devil barely misses you.
Really walk into that cloud of freezing vapour?
You are engulfed in freezing vapours.
You resist.
* * * LOW HITPOINT WARNING * * *
You block the ice devil's attack.
Aiming: Shadow Step
Press: ? - help, Dir - move target cursor, f - ice devil
Aim: an ice devil (freezing vapour, umbra)
You step into the ice devil's shadow. 2 white imps and 2 ufetubi come into view.
You are engulfed in freezing vapours.
You resist.
* * * LOW HITPOINT WARNING * * *
The ice devil hits you!
You die...

.....5 #...... .
##§§..5.5 §§ #§§§..5.#
#§.####§☼.§..
##§○°§§§☼§§ # ☼☼§.§§4§§#
### #.°§○○☼@# .§###
######☼.4### .§..####
###4§.##
.§§....###########.4.##
°§#.........##...##..4##
§###°#...........[###Y.#
## ######..##.....##§§.#
# #...##....####°.##
#...###.###§§4###


You could see 5 ice devils, an ice beast, 2 white imps and 2 ufetubi.

Vanquished Creatures
  A two-headed ogre (D:9)
  An unseen horror (D:10)
  2 orc sorcerers (Orc:1)
  A manticore (D:10)
  A gargoyle (D:11)
  2 trolls
  2 hippogriffs
  Sigmund (D:2)
  11 yaks
  2 wyverns
  2 hungry ghosts
  Menkaure (D:4)
  Edmund (D:6)
  2 wargs
  A water moccasin (D:11)
  A black bear (D:8)
  A sky beast (D:9)
  An orc warrior (D:11)
  3 phantoms
  6 ogres
  2 necrophages
  4 centaurs
  A big kobold (D:9)
  4 bullfrogs
  A scorpion (D:10)
  7 wights
  3 howler monkeys (D:11)
  8 crimson imps
  2 quasits (D:8)
  2 jellies
  5 orc priests
  2 bullfrog zombies
  13 hounds
  4 bullfrog skeletons
  4 centaur skeletons
  6 orc wizards
  4 iguanas
  Crazy Yiuf (D:5)
  9 worker ants
  A hound skeleton (D:7)
  Robin (D:2)
  2 worker ant zombies
  14 gnolls
  9 adders
  A shadow imp (D:6)
  18 white imps
  8 ufetubi (IceCv)
  An adder zombie (D:6)
  An adder skeleton (D:4)
  2 worms
  A dart slug (D:2)
  7 leopard geckos
  24 orcs
  5 bats
  3 giant cockroaches
  18 goblins
  10 hobgoblins
  20 jackals
  12 kobolds
  5 quokkas
  A ball python (D:4)
  6 frilled lizards
  A jackal skeleton (D:9)
  A quokka zombie (D:5)
  5 rats
302 creatures vanquished.

Vanquished Creatures (others)
  A white imp (IceCv)
  An ufetubus (IceCv)
2 creatures vanquished.

Grand Total: 304 creatures vanquished

Notes
Turn   | Place    | Note
-------+----------+-------------------------------------------
     0 | D:1      | Goodini51 the Human Hunter began the quest for the Orb.
     0 | D:1      | Reached XP level 1. HP: 16/16 MP: 1/1
   179 | D:1      | Reached XP level 2. HP: 22/22 MP: 2/2
   975 | D:2      | Reached XP level 3. HP: 21/27 MP: 3/3
   978 | D:2      | Noticed Robin
  1268 | D:2      | Killed Robin
  1270 | D:2      | Reached skill level 1 in Armour
  1279 | D:2      | Reached XP level 4. HP: 21/33 MP: 4/4
  1753 | D:2      | Found a shimmering altar of Xom.
  1793 | D:2      | Noticed Sigmund
  1899 | D:2      | Killed Sigmund
  1899 | D:2      | Reached skill level 2 in Short Blades
  1899 | D:2      | Reached XP level 5. HP: 16/40 MP: 5/5
  1899 | D:2      | Reached XP level 6. HP: 19/46 MP: 6/6
  2681 | D:3      | Found a shadowy altar of Dithmenos.
  2705 | D:3      | Became a worshipper of Dithmenos the Shadowed
  2781 | D:3      | Found a radiant altar of Vehumet.
  2787 | D:3      | Found an ancient bone altar of Kikubaaqudgha.
  2908 | D:3      | Reached skill level 3 in Short Blades
  2970 | D:3      | Found a sparkling altar of Nemelex Xobeh.
  3069 | D:4      | Reached XP level 7. HP: 27/52 MP: 7/7
  3271 | D:4      | Found a sacrificial altar of Ru.
  3305 | D:4      | Reached skill level 4 in Short Blades
  3611 | D:4      | Found a staircase to the Ecumenical Temple.
  3646 | D:4      | Noticed Menkaure
  3658 | D:4      | Reached XP level 8. HP: 39/59 MP: 8/8
  3667 | D:4      | Killed Menkaure
  3879 | D:4      | Got a polished war axe
  3908 | D:4      | Reached * piety under Dithmenos
  3934 | D:4      | Reached skill level 5 in Short Blades
  4288 | D:4      | Found a deep blue altar of Sif Muna.
  4290 | D:4      | Identified the cursed +1 war axe "Culydur" {freeze, *Noise
                  | +Blink rPois rN+} (You found it on level 4 of the Dungeon)
  4418 | D:4      | Found a blossoming altar of Fedhas.
  4535 | D:5      | Entered Level 5 of the Dungeon
  4754 | D:5      | Found a runed translucent door.
  4755 | D:5      | Noticed Crazy Yiuf
  4882 | D:5      | Killed Crazy Yiuf
  5223 | D:5      | Found a sparkling altar of Nemelex Xobeh.
  5709 | D:6      | Noticed Edmund
  5735 | D:6      | Killed Edmund
  5735 | D:6      | Reached skill level 6 in Short Blades
  5736 | D:6      | Reached XP level 9. HP: 52/65 MP: 9/9
  5857 | D:6      | Reached skill level 5 in Dodging
  5967 | D:6      | Found a shattered altar of Ashenzari.
  6245 | D:7      | Reached skill level 1 in Shields
  6344 | D:7      | Reached skill level 7 in Short Blades
  6348 | D:7      | Reached ** piety under Dithmenos
  6940 | D:7      | Found a shimmering altar of Xom.
  6941 | D:7      | Found a shimmering altar of Xom.
  6942 | D:7      | Noticed a black mamba
  6943 | D:7      | Found a shimmering altar of Xom.
  6947 | D:7      | Found a shimmering altar of Xom.
  7024 | D:7      | Noticed a hippogriff
  7036 | D:7      | Killed a hippogriff
  7205 | D:8      | Found Nirru's Assorted Antiques.
  7287 | D:8      | Reached skill level 5 in Fighting
  7319 | D:8      | Reached skill level 5 in Stealth
  7319 | D:8      | Reached XP level 10. HP: 65/74 MP: 10/10
  7418 | D:8      | Found Iruiklai's Antique Weapon Shoppe.
  7457 | D:8      | Found Vuph's Magic Scroll Shop.
  7477 | D:8      | Bought a scroll of identify for 26 gold pieces
  7477 | D:8      | Bought a scroll of teleportation for 39 gold pieces
  7562 | D:8      | Found Jeb Rajej's Assorted Antiques.
  7581 | D:8      | Reached skill level 8 in Short Blades
  7657 | D:8      | Reached *** piety under Dithmenos
  7793 | D:8      | Noticed a two-headed ogre
  8185 | D:9      | Noticed a two-headed ogre
  8188 | D:9      | Killed a two-headed ogre
  8254 | D:9      | Found a staircase to the Orcish Mines.
  8577 | D:9      | Found a staircase to the Lair.
  8578 | D:9      | Noticed a komodo dragon
  8688 | D:9      | Reached skill level 9 in Short Blades
  8876 | D:9      | Reached **** piety under Dithmenos
  9000 | D:10     | Entered Level 10 of the Dungeon
  9218 | D:10     | Noticed a manticore
  9221 | D:10     | Killed a manticore
  9221 | D:10     | Reached XP level 11. HP: 81/81 MP: 11/11
  9324 | D:10     | Killed an unseen horror
  9872 | D:10     | Noticed a four-headed hydra
 10477 | D:11     | Reached skill level 10 in Short Blades
 10733 | D:11     | Noticed a two-headed ogre
 10785 | D:11     | Reached skill level 5 in Bows
 10816 | D:11     | Reached ***** piety under Dithmenos
 10920 | D:11     | Noticed a skeletal warrior
 10953 | D:11     | Found Yshug's Food Shop.
 11321 | Orc:1    | Entered Level 1 of the Orcish Mines
 11338 | Orc:1    | Noticed an orc sorcerer
 11367 | Orc:1    | Killed an orc sorcerer
 11433 | Orc:1    | Found a frozen archway.
 11490 | Orc:1    | Noticed an orc sorcerer
 11497 | Orc:1    | Killed an orc sorcerer
 11497 | Orc:1    | Reached XP level 12. HP: 91/91 MP: 12/12
 11515 | IceCv    | Entered an ice cave
 11661 | IceCv    | HP: 3/91 [something (5)]
 11661 | IceCv    | Mangled by an ice devil

Skill      XL: |  1  2  3  4  5  6  7  8  9 10 11 |
---------------+----------------------------------+-----
Armour         | 1 2 3 4 |  4.1
Short Blades   | 2 3 4 6 7 9 10 | 10.5
Dodging        | 3 4 6 7 |  7.7
Fighting       | 3 4 5 6 7 |  7.0
Stealth        | 2 3 5 7 9 |  9.1
Shields        | 2 3 4 |  4.9
Bows           | 5 |  5.1
Polearms       | |  0.2

Action                   |  1- 3 |  4- 6 |  7- 9 | 10-12 || total
-------------------------+-------+-------+-------+-------++-------
Melee: Short sword       |    57 |       |       |       ||    57
       Dagger            |    20 |   118 |    13 |       ||   151
       Rapier            |       |    44 |   410 |   653 ||  1107
       Spear             |       |       |       |    24 ||    24
 Fire: Shortbow          |    13 |       |     6 |    27 ||    46
Invok: Shadow Step       |       |       |       |     2 ||     2
  Use: Scroll            |     4 |     2 |    10 |     5 ||    21
       Potion            |       |     1 |     1 |       ||     2
 Stab: Sleeping          |     1 |     5 |     6 |    19 ||    31
       Distracted        |       |       |     1 |     4 ||     5
  Eat: Chunk             |       |     7 |    14 |     5 ||    26
       Ration            |       |       |       |     6 ||     6
Armor: Leather armour    |    18 |    28 |   141 |   115 ||   302
       Troll leather arm |       |       |       |    66 ||    66
Dodge: Dodged            |    48 |    81 |   438 |   447 ||  1014
Block: Buckler           |       |       |    60 |    17 ||    77
       Shield            |       |       |       |   236 ||   236
